Map: Abyssal Reef LE

Players

Nerchio

  • Race: Zerg Zerg
  • Spawn Location: 11:00

TIME (Oliveira) - Winner!

  • Race: Terran Terran
  • Spawn Location: 5:00

Event: WCS Jonkoping 2017

VOD

Have the link to the VOD?

Description

Time

  • Played on: June 17, 2017, 3:40 p.m.
  • Length: 16:20

All games in this series

Show
View Real Time Build Order
Export as new Build Order

Nerchio Zerg 

Build Orders: Pool First 

Get SALT Encoding   

  12  0:00  Drone  
  13  0:12  Overlord  
  13  0:17  Drone  
  14  0:30  Drone x2  
  14  0:34  Drone  
  17  0:45  Spawning Pool  
  17  0:49  Drone  
  17  0:56  Drone  
  18  1:03  Extractor  
  17  1:15  Hatchery  
  17  1:17  Drone  
  17  1:31  Queen  
  19  1:33  Zergling x2  
  19  1:36  Drone  
  21  1:42  Drone  
  22  1:49  Overlord  
  22  2:02  Metabolic Boost  
  22  2:07  Queen  
  24  2:09  Drone  
  24  2:12  Drone  
  26  2:22  Drone  
  27  2:27  Queen  
  29  2:30  Drone  
  29  2:32  Drone  
  30  2:37  Drone  
  30  2:38  Drone  
  30  2:40  Drone  
  30  2:42  Drone  
  34  2:47  Overlord  
  34  2:52  Zergling x2  
  34  2:55  Zergling x2  
  36  3:09  Zergling x2  
  36  3:10  Extractor  
  36  3:14  Drone x2  
  36  3:16  Drone  
  36  3:17  Drone x2  
  36  3:18  Drone  
  36  3:19  Roach Warren  
  41  3:20  Drone  
  43  3:29  Hatchery  
  43  3:32  Drone  
  43  3:35  Overlord  
  43  3:38  Overlord  
  43  3:44  Drone  
  44  3:52  Queen  
  44  3:55  Drone x5  
  51  4:00  Drone x3  
  54  4:05  Spore Crawler  
  54  4:06  Spore Crawler  
  54  4:09  Roach  
  54  4:10  Roach  
  54  4:14  Overlord  
  56  4:17  Roach  
  56  4:22  Extractor, Lair  
  57  4:27  Roach  
  59  4:31  Extractor, Spore Crawler  
  59  4:33  Evolution Chamber  
  59  4:35  Drone  
  59  4:36  Drone x2  
  59  4:39  Drone  
  59  4:40  Drone  
  59  4:41  Drone  
  59  4:43  Drone  
  63  4:49  Roach x2  
  63  4:52  Overlord  
  67  4:57  Extractor  
  66  5:01  Drone x3  
  66  5:02  Drone  
  70  5:08  Drone x4  
  70  5:10  Drone  
  70  5:12  Drone  
  75  5:18  Drone x3  
  75  5:20  Drone  
  78  5:23  Glial Reconstitution  
  78  5:30  Zerg Ground Armor Level 1  
  78  5:33  Evolution Chamber  
  77  5:37  Overlord  
  77  5:38  Overlord  
  77  5:43  Overlord  
  77  5:44  Overlord  
  77  5:52  Extractor, Infestation Pit  
  77  5:53  Extractor  
  77  5:56  Drone x2  
  77  5:57  Drone x5  
  80  5:59  Drone  
  80  6:00  Drone  
  80  6:02  Drone  
  80  6:04  Drone  
  85  6:05  Drone  
  85  6:07  Drone  
  85  6:08  Drone  
  85  6:10  Drone  
  89  6:18  Roach  
  89  6:19  Roach  
  89  6:21  Roach  
  89  6:22  Roach  
  89  6:24  Roach  
  99  6:27  Roach x2  
  99  6:31  Overlord  
  99  6:32  Overlord  
  103  6:35  Overlord, Zerg Missile Weapons Level 1  
  103  6:36  Overlord  
  103  6:41  Overlord x2  
  103  6:46  Overlord  
  101  6:51  Infestor x2  
  101  6:52  Burrow  
  105  7:00  Hatchery, Roach x2  
  108  7:02  Roach  
  108  7:06  Infestor  
  112  7:08  Roach  
  112  7:09  Roach x2  
  112  7:12  Roach  
  120  7:16  Ravager x4  
  120  7:17  Roach x2  
  120  7:18  Roach  
  120  7:20  Roach  
  132  7:24  Hive  
  132  7:33  Overlord  
  132  7:36  Drone  
  136  7:37  Drone x9  
  136  7:41  Overlord  
  136  7:42  Overlord  
  142  7:46  Zerg Ground Armor Level 2  
  142  7:48  Extractor  
  141  7:54  Zergling x8  
  141  7:56  Zergling x2  
  146  8:01  Zergling x4  
  148  8:06  Spore Crawler, Roach  
  148  8:07  Roach x3  
  148  8:10  Roach x2  
  159  8:13  Roach  
  159  8:14  Ravager, Roach  
  159  8:15  Roach  
  159  8:18  Zergling x4  
  168  8:21  Zergling x2  
  168  8:22  Zergling x4  
  168  8:23  Zergling x2  
  168  8:25  Zergling x4  
  174  8:30  Zerg Melee Weapons Level 1  
  174  8:31  Overlord  
  174  8:35  Overlord  
  174  8:36  Adrenal Glands  
  174  8:39  Ultralisk Cavern  
  173  8:45  Zergling x2  
  173  8:46  Zergling x12  
  175  8:57  Hatchery  
  147  9:27  Chitinous Plating  
  147  9:28  Ultralisk x5  
  169  9:38  Ultralisk  
  173  9:39  Drone x2  
  173  9:40  Extractor  
  173  9:42  Zergling x12  
  173  9:43  Zergling x10  
  184  9:55  Ultralisk x2  
  184  9:56  Zergling x2  
  189  10:02  Drone x5  
  194  10:10  Ultralisk  
  176  10:14  Drone x4  
  176  10:17  Ravager x2  
  176  10:22  Ultralisk  
  161  10:28  Drone  
  161  10:29  Drone x2  
  164  10:36  Zergling x14  
  164  10:37  Zergling x8  
  175  10:43  Zerg Ground Armor Level 3  
  175  10:47  Infestor  
  171  10:50  Infestor  
  171  10:51  Drone x2  
  171  10:52  Drone x2  
  171  10:54  Extractor  
  171  10:55  Zergling x10  
  171  10:56  Zergling x2  
  170  10:59  Zergling x4  
  172  11:09  Zerg Melee Weapons Level 2  
  172  11:14  Baneling Nest, Drone  
  172  11:15  Spire, Drone x2  
  172  11:16  Extractor  
  172  11:20  Ultralisk  
  178  11:31  Pneumatized Carapace  
  178  11:34  Ultralisk  
  178  11:38  Zergling x2  
  178  11:39  Zergling x26  
  197  11:48  Overlord x2  
  195  11:59  Hatchery  
  194  12:03  Spore Crawler  
  194  12:04  Spore Crawler  
  194  12:06  Spore Crawler x2, Drone x4  
  194  12:07  Spore Crawler  
  193  12:09  Centrifical Hooks  
  193  12:11  Baneling x6  
  193  12:12  Baneling x2  
  189  12:16  Ultralisk  
  189  12:18  Ultralisk  
  182  12:25  Zergling x12  
  186  12:36  Corruptor x2  
  186  12:37  Corruptor x2  
  165  12:41  Corruptor  
  164  12:47  Corruptor  
  164  12:48  Corruptor  
  168  12:51  Corruptor  
  168  12:53  Zergling x2  
  168  12:54  Zergling x2  
  172  13:04  Zergling x14  
  172  13:05  Zergling x2  
  180  13:10  Baneling x7  
  180  13:11  Baneling x2  
  180  13:13  Zergling x2  
  180  13:14  Zergling x2  
  179  13:20  Corruptor x2  
  182  13:27  Zergling x12  
  182  13:28  Zergling x4  
  182  13:30  Zergling x4  
  182  13:33  Zergling x6  
  193  13:34  Zergling x2  
  193  13:39  Zerg Melee Weapons Level 3  
  183  13:47  Corruptor x2  
  187  13:49  Baneling x8  
  187  13:50  Baneling  
  187  13:57  Zergling x2  
  187  14:01  Zergling x14  
  168  14:05  Roach x3  
  168  14:06  Zergling x2  
  120  14:10  Zergling x6  
  120  14:12  Zergling x4  
  120  14:13  Zergling x2  
  120  14:14  Zergling x4  
  120  14:15  Zergling x2  
  120  14:16  Zergling x2  
  127  14:25  Ultralisk  
  132  14:34  Ultralisk  
  134  14:45  Ultralisk  
  139  14:52  Ultralisk  
  135  14:55  Zergling x6  
  133  15:00  Zergling x6  
  133  15:03  Zergling x2  
  133  15:04  Zergling x4  
  139  15:15  Ultralisk  
  145  15:23  Hatchery  
  145  15:26  Spire  
  142  15:40  Zergling x16  
  142  15:41  Zergling x4  
  126  15:44  Zergling x4  
  126  15:46  Zergling x2  
  126  15:47  Zergling x2  
  124  15:50  Zergling x4  
  124  15:52  Zergling x2  
  124  15:55  Zergling x4  
  129  15:57  Zergling x2  
Show
View Real Time Build Order
Export as new Build Order

TIME Terran - Winner!

Build Orders: Reaper Expand, Bio Tank 

Get SALT Encoding   

  12  0:00  SCV  
  13  0:12  SCV  
  14  0:17  Supply Depot  
  14  0:25  SCV  
  15  0:38  SCV  
  15  0:41  Barracks  
  16  0:44  Refinery  
  16  0:50  SCV  
  17  1:02  SCV  
  18  1:15  SCV  
  19  1:28  Orbital Command, Reaper  
  20  1:41  Command Center  
  20  1:51  Supply Depot  
  20  1:53  SCV  
  21  2:00  Marine  
  22  2:06  Factory  
  22  2:08  SCV  
  23  2:20  Barracks Reactor, SCV  
  24  2:33  SCV  
  25  2:42  Command Center  
  25  2:45  SCV  
  26  2:54  Orbital Command  
  27  3:01  Hellion x2  
  27  3:02  SCV  
  31  3:06  Barracks Tech Lab  
  31  3:14  SCV  
  32  3:20  SCV  
  32  3:23  Hellion x2, Supply Depot  
  37  3:32  Stimpack, SCV  
  37  3:33  SCV  
  39  3:44  SCV  
  39  3:48  SCV, Barracks  
  41  3:51  Barracks  
  41  3:52  Factory Reactor  
  41  3:55  Marine  
  41  3:56  Orbital Command, SCV  
  41  4:00  SCV  
  44  4:06  Refinery  
  44  4:08  SCV  
  45  4:12  SCV  
  45  4:13  Marine  
  47  4:20  Engineering Bay  
  47  4:21  SCV, Engineering Bay  
  48  4:24  SCV  
  48  4:27  SCV  
  50  4:33  SCV  
  50  4:34  Supply Depot  
  50  4:35  Starport  
  50  4:36  SCV, Marine x3  
  55  4:38  Factory Reactor  
  55  4:42  Refinery  
  55  4:43  SCV  
  55  4:45  SCV, Marine  
  57  4:46  Refinery  
  57  4:47  Orbital Command, Marine  
  57  4:48  SCV  
  60  4:57  SCV  
  60  4:58  Terran Infantry Weapons Level 1  
  60  4:59  Marine  
  62  5:00  Marine  
  62  5:01  Marine  
  62  5:03  Terran Infantry Armor Level 1, Marine  
  62  5:04  SCV  
  62  5:05  Marine  
  67  5:09  SCV, Supply Depot  
  68  5:17  Marine  
  68  5:21  Medivac  
  68  5:24  Medivac  
  68  5:25  Marine x4  
  68  5:26  Factory Tech Lab  
  68  5:27  SCV  
  77  5:35  Combat Shields  
  77  5:36  Marine, SCV x2, Supply Depot  
  77  5:41  SCV  
  81  5:42  Marine x2  
  81  5:43  Marine  
  81  5:45  Marine  
  81  5:47  Supply Depot  
  85  5:51  Supply Depot  
  85  5:57  Marine  
  85  5:58  Siege Tank, SCV x3  
  85  6:00  Marine  
  85  6:02  Armory  
  93  6:08  Marine x3  
  93  6:10  SCV x2  
  98  6:12  Supply Depot  
  98  6:15  Marine  
  98  6:18  Marine  
  99  6:25  SCV  
  101  6:26  Marine x3, Barracks, Supply Depot  
  101  6:28  Barracks  
  101  6:31  Medivac x2  
  108  6:33  Siege Tank, Marine  
  108  6:36  SCV, Marine  
  108  6:39  SCV x2  
  116  6:41  Supply Depot  
  116  6:44  Marine x3  
  117  6:48  SCV  
  117  6:50  Supply Depot  
  117  6:51  Marine  
  117  6:52  Terran Vehicle Weapons Level 1  
  117  6:53  Terran Infantry Weapons Level 2  
  119  6:54  SCV  
  119  6:56  SCV  
  119  6:59  Marine  
  122  7:01  Marine x2  
  122  7:03  SCV  
  122  7:06  Marine, Refinery  
  122  7:07  Siege Tank  
  129  7:08  SCV  
  129  7:10  Refinery  
  129  7:11  SCV  
  129  7:13  Marine  
  129  7:14  Bunker  
  129  7:15  Barracks Reactor x2  
  132  7:19  SCV, Marine  
  132  7:20  SCV  
  132  7:21  Marine  
  136  7:25  Factory  
  136  7:26  Marine  
  136  7:27  Marine  
  138  7:31  Marine  
  138  7:35  SCV  
  138  7:36  SCV  
  141  7:39  Supply Depot  
  141  7:42  Terran Infantry Armor Level 2  
  141  7:45  Supply Depot  
  141  7:47  Supply Depot  
  141  7:48  Marine x3, Medivac, Supply Depot  
  141  7:49  SCV  
  141  7:50  Liberator, Marine  
  141  7:51  Marine  
  149  8:00  Siege Tank, Marine x4  
  156  8:06  Marine  
  156  8:07  Marine  
  156  8:11  Supply Depot  
  161  8:14  Command Center  
  161  8:16  Marine, Factory Tech Lab  
  161  8:22  Marine  
  161  8:25  Marine x3  
  161  8:26  Marine x2  
  167  8:27  Marine  
  167  8:29  Marine  
  169  8:38  Liberator x2  
  169  8:40  SCV x2  
  169  8:41  Siege Tank, Marine x2, Barracks  
  166  8:42  Barracks  
  166  8:43  Marine  
  169  8:48  Terran Vehicle Weapons Level 2  
  169  8:49  Marine  
  164  8:57  Marine  
  164  9:00  Marine x3  
  166  9:09  Marine  
  159  9:12  Siege Tank  
  159  9:16  Marine x3  
  159  9:20  Marine  
  159  9:22  Marine  
  159  9:24  Siege Tank, Marauder  
  153  9:25  SCV x2  
  153  9:26  Planetary Fortress  
  153  9:31  Barracks Tech Lab  
  152  9:32  Marine  
  152  9:37  Terran Infantry Weapons Level 3  
  153  9:40  Marine x2  
  155  9:46  Siege Tank  
  155  9:52  Marauder x2, Barracks Tech Lab  
  157  9:56  Marine x2  
  157  9:57  Marine, Medivac x2  
  160  10:00  Marine x2  
  160  10:01  Marine  
  160  10:02  Marine x2  
  161  10:08  Terran Infantry Armor Level 3  
  161  10:10  Marauder  
  161  10:13  Marauder  
  161  10:14  Marauder, Marine x2  
  158  10:15  Marine  
  158  10:18  Siege Tank, Marine x2  
  163  10:24  Marine x2  
  124  10:28  Marine  
  124  10:30  Siege Tank  
  124  10:31  Marauder  
  124  10:33  Starport, Refinery  
  124  10:34  Refinery  
  124  10:35  Marauder  
  126  10:38  Marauder, Marine x3  
  126  10:39  Liberator, Marine  
  126  10:40  Liberator  
  128  10:52  Marine  
  128  10:53  Marauder  
  134  10:59  Siege Tank, Marine x4  
  134  11:00  Marauder, Marine x2  
  148  11:05  Marine  
  148  11:08  Marauder  
  148  11:09  Marine  
  152  11:14  Marauder, Command Center  
  152  11:15  Starport Reactor  
  152  11:17  Marine x3  
  157  11:18  Siege Tank  
  157  11:21  Marauder  
  162  11:26  Sensor Tower  
  162  11:28  Marine x2  
  162  11:31  Terran Ship Weapons Level 1  
  162  11:32  Marine x2  
  167  11:33  Siege Tank, Marauder  
  167  11:36  Marauder  
  173  11:43  Marine  
  173  11:44  Marauder  
  173  11:46  Liberator x2  
  180  11:47  Medivac  
  180  11:48  Marine x2, Medivac  
  180  11:49  Marine x2  
  184  11:54  Marauder  
  184  12:00  Liberator  
  184  12:02  Marauder, Marine  
  184  12:05  Marine  
  184  12:08  Marauder, Marine x4  
  199  12:19  Marauder, Marine  
  200  12:25  Liberator, Marine x2  
  200  12:26  Marauder  
  197  12:30  Marauder  
  197  12:32  Marine  
  197  12:34  Marine  
  150  12:39  Liberator x2  
  150  12:41  Marauder  
  150  12:42  Marine x2  
  147  12:45  Marine x3  
  147  12:46  Siege Tank x2  
  147  12:47  Marauder  
  147  12:48  Planetary Fortress  
  158  12:55  Marauder, Marine  
  167  13:00  Marine  
  167  13:04  Marauder, Marine  
  171  13:05  Marine  
  171  13:08  Marauder, Marine x2  
  171  13:10  Marine, Command Center  
  177  13:14  Liberator x2  
  177  13:17  Marauder  
  177  13:18  Marine  
  172  13:24  Liberator, Marine x2  
  172  13:25  Liberator  
  172  13:26  Marauder, Marine x2  
  177  13:27  Marine  
  177  13:30  Marauder  
  177  13:33  Marine  
  182  13:38  Marauder  
  176  13:42  Marine x2  
  176  13:43  Marine  
  176  13:47  Marauder  
  185  13:51  Marine x2  
  187  13:57  Liberator x2  
  187  14:00  Marine  
  181  14:05  Marine  
  181  14:06  Marine  
  181  14:08  Marauder x2, Marine x3  
  153  14:12  Marine  
  153  14:13  Marine x2  
  159  14:18  Marine  
  159  14:22  Siege Tank  
  159  14:23  Siege Tank, Marine  
  167  14:24  Medivac x2  
  167  14:27  Planetary Fortress  
  167  14:29  Marine  
  167  14:30  Marauder  
  174  14:31  Marine  
  174  14:32  Marine  
  174  14:37  Marine  
  177  14:39  Marauder, Marine  
  177  14:40  Marine  
  177  14:43  Marauder, Marine x2  
  181  14:47  Marine  
  168  14:55  Marine x3  
  168  14:56  Marauder  
  168  14:57  Medivac x2  
  177  15:01  Marauder  
  175  15:07  Marine x2, Medivac x2  
  175  15:08  Marauder  
  175  15:11  Siege Tank  
  175  15:13  Marine  
  184  15:17  Marauder  
  184  15:20  Marine  
  187  15:22  Marauder  
  187  15:25  Marine x2  
  189  15:29  Marauder  
  191  15:39  Marauder, Marine  
  157  15:44  Marauder  
  157  15:46  Marine  
  157  15:47  Marine  
  167  15:51  Marauder  
  167  15:54  Marine x3  
  167  15:55  Marine x2  
Tags
 
Add a new tag
Caveats
  • Supply blocks, unpowered buildings, or Contaminate may cause inaccurate times.
  • Supply counts are checked every 10 seconds.